 Dungeon Crawl Stone Soup version 0.29-a0-370-gb5314be063 (webtiles) character file.

Game seed: 14521692917810478729

508 Bruhh the Ducker (level 7, 0/60 HPs)
             Began as a Gnoll Monk on May 2, 2022.
             Was a Priest of Elyvilon.
             Slain by Pargi (3 damage)
             ... in a sewer.
             The game lasted 00:07:14 (3976 turns).

Bruhh the Ducker (Gnoll Monk)                       Turns: 3976, Time: 00:07:14

Health: 0/60       AC:  2    Str: 12    XL:     7   Next: 18%
Magic:  10/10      EV: 15    Int: 15    God:    Elyvilon [***...]
Gold:   202        SH:  0    Dex: 15    Spells: 10/10 levels left

rFire   + . .      SeeInvis .   a - +0 hand axe
rCold   . . .      Faith    +   (no shield)
rNeg    . . .      Spirit   .   b - +0 robe
rPois   .          Reflect  .   (no helmet)
rElec   .          Harm     .   (no cloak)
rCorr   .          Rampage  .   (no gloves)
Will    .....                   (no boots)
Stlth   +++.......              k - amulet of faith
HPRegen 0.20/turn               e - +6 ring of intelligence
MPRegen 0.12/turn               h - ring of protection from fire

@: no status effects
A: fangs 1, strong nose, distributed training
a: Renounce Religion, Purification, Heal Other, Heal Self


You were in a sewer.
You worshipped Elyvilon.
Elyvilon was most pleased with you.
You visited 1 branch of the dungeon, and saw 4 of its levels.
You also visited: Sewer.

You collected 202 gold pieces.

Inventory:

Hand Weapons
 a - a +0 hand axe (weapon)
Armour
 b - a +0 robe (worn)
Jewellery
 e - a +6 ring of intelligence (left hand)
 h - a ring of protection from fire (right hand)
 k - an amulet of faith (around neck)
Scrolls
 d - a scroll of vulnerability {unknown}
 f - a scroll of holy word {unknown}
 g - 9 scrolls of identify {unknown}
 i - a scroll of immolation {unknown}
 j - 2 scrolls of teleportation {unknown}
 l - a scroll of noise {unknown}
 m - 2 scrolls of fear {unknown}
 o - a scroll of enchant armour {unknown}
 q - a scroll of magic mapping {unknown}
Potions
 c - a potion of mutation {unknown}
 n - a potion of curing
 p - a potion of brilliance {unknown}
 r - a potion of magic {unknown}


   Skills:
 + Level 7.0 Fighting
 + Level 2.3 Short Blades
 + Level 2.3 Long Blades
 + Level 7.0 Axes
 + Level 2.3 Maces & Flails
 + Level 2.3 Polearms
 + Level 2.3 Staves
 + Level 2.3 Slings
 + Level 2.3 Bows
 + Level 2.3 Crossbows
 + Level 2.3 Throwing
 + Level 2.3 Armour
 + Level 7.0 Dodging
 + Level 4.8 Stealth
 + Level 2.3 Shields
 + Level 2.3 Unarmed Combat
 + Level 2.3 Spellcasting
 + Level 1.9 Conjurations
 + Level 1.9 Hexes
 + Level 1.9 Summonings
 + Level 1.9 Necromancy
 + Level 1.9 Translocations
 + Level 1.9 Transmutations
 + Level 1.9 Fire Magic
 + Level 1.9 Ice Magic
 + Level 1.9 Air Magic
 + Level 1.9 Earth Magic
 + Level 1.9 Poison Magic
 + Level 2.5 Invocations
 + Level 2.3 Evocations


You had 10 spell levels left.
You didn't know any spells.
Your spell library contained the following spells:

 Spells                   Type           Power      Damage    Failure   Level
 Slow                     Hex            28%        N/A       10%         1
 Tukima's Dance           Hex            7%         N/A       28%         3
 Anguish                  Hex/Necr       3%         N/A       67%         4
 Metabolic Englaciation   Hex/Ice        3%         N/A       95%         5
 Enfeeble                 Hex            3%         N/A       100%        7


Dungeon Overview and Level Annotations

Branches:
Dungeon (4/15)              Sewer (1/1)
 Temple: D:4-7

Altars:
Elyvilon
Fedhas
Hepliaklqana
Wu Jian

Shops:
D:1 !   D:4 ?

Annotations:
Sewer Pargi


Innate Abilities, Weirdness & Mutations

You have very sharp teeth.
Your uncanny sense of smell can sniff out nearby items.
Your experience applies equally to all skills.


Message History

Pargi is heavily wounded.
Pargi misses you. Pargi closely misses you. Pargi barely misses you.
You closely miss Pargi.
Pargi is moderately wounded.
Pargi bites you. Pargi barely misses you. Pargi claws you but does no damage.
You are too injured to fight recklessly!
You are too injured to fight recklessly!
You are too injured to fight recklessly!
You are too injured to fight recklessly!
You are too injured to fight recklessly!
You barely miss Pargi.
Pargi is moderately wounded.
Pargi bites you. Pargi claws you. Pargi closely misses you.
You barely miss Pargi.
Pargi is moderately wounded.
Pargi barely misses you. x2; Pargi misses you.
You hit Pargi.
Pargi is heavily wounded.
Pargi misses you. Pargi closely misses you. x2
You hit Pargi.
Pargi is heavily wounded.
Pargi bites you. Pargi misses you. x2
You hit Pargi but do no damage.
Pargi is heavily wounded.
Pargi misses you. Pargi claws you. x2
* * * LOW HITPOINT WARNING * * *
You hit Pargi but do no damage.
Pargi is heavily wounded.
Pargi misses you. x2; Pargi closely misses you.
You hit Pargi. Your punch misses Pargi.
Pargi is heavily wounded.
Pargi bites you!
* * * LOW HITPOINT WARNING * * *
Pargi barely misses you. Pargi claws you but does no damage.
You hit Pargi.
Pargi is heavily wounded.
Pargi bites you!
* * * LOW HITPOINT WARNING * * *
Pargi misses you. Pargi claws you.
You die...

#...# #. ≈≈.. #.∩.# #≈
≈≈≈≈ #.≈.# ##≈ ≈≈≈≈.
##≈## #≈≈ ≈≈≈≈.# #≈#
##≈≈ ≈≈≈≈≈.# #.# ##≈≈≈
≈≈≈≈≈≈≈## #≈# #.≈≈≈
≈≈≈≈≈≈≈T## #≈# #.≈≈≈
≈≈≈≈≈≈.@.#####≈#####≈≈≈≈
≈≈≈≈≈≈≈.≈.##.#.##...≈≈≈≈
≈≈≈≈≈≈≈≈≈.#...≈≈≈≈.≈≈≈≈≈
≈≈≈≈≈≈≈≈≈≈≈≈≈≈≈≈≈≈≈≈≈≈≈≈
≈≈≈≈≈≈≈≈≈≈≈≈≈≈≈≈≈≈≈≈≈≈≈≈
≈≈≈≈≈≈≈≈≈≈≈≈≈≈≈≈≈≈≈≈≈≈≈≈
#≈≈≈≈≈≈≈≈≈≈≈≈≈≈≈≈≈≈≈≈≈≈≈
###≈≈≈≈≈≈≈≈≈≈≈≈≈≈≈≈≈≈≈≈#
##≈≈≈≈≈≈≈≈≈≈≈≈≈≈≈≈≈≈≈#


You could see Pargi.

Vanquished Creatures
  Sigmund (D:3)
  A scorpion (D:4)
  A hound (D:3)
  An orc priest (D:3)
  Jessica (D:3)
  2 orc wizards (D:3)
  6 adders
  A shadow imp (D:3)
  5 worms
  A dart slug (D:3)
  7 orcs (D:3)
  3 bats
  6 endoplasms
  5 giant cockroaches
  4 goblins
  5 hobgoblins
  3 jackals (D:3)
  6 kobolds
  4 quokkas
  4 ball pythons
  4 frilled lizards
  8 rats
79 creatures vanquished.

Notes
Turn   | Place    | Note
-------+----------+-------------------------------------------
     0 | D:1      | Bruhh the Gnoll Monk began the quest for the Orb.
     0 | D:1      | Reached XP level 1. HP: 23/23 MP: 1/1
    30 | D:1      | Found Paucloav's Distillery.
   153 | D:1      | Reached XP level 2. HP: 29/29 MP: 2/2
   435 | D:1      | Found a faded altar of an unknown god.
   445 | D:1      | Prayed at the altar of an unknown god.
   445 | D:1      | Became a worshipper of Elyvilon the Healer
   445 | D:1      | Reached * piety under Elyvilon
   445 | D:1      | Reached ** piety under Elyvilon
   540 | D:2      | Reached XP level 3. HP: 21/35 MP: 3/3
   717 | D:2      | Got the Guide on Hexes
   730 | D:2      | Found a hazy altar of Hepliaklqana.
   815 | D:2      | Reached *** piety under Elyvilon
   847 | D:2      | Reached skill level 1 in Invocations
  1241 | D:2      | Reached skill level 1 in Short Blades
  1241 | D:2      | Reached skill level 1 in Long Blades
  1241 | D:2      | Reached skill level 1 in Maces & Flails
  1241 | D:2      | Reached skill level 1 in Polearms
  1241 | D:2      | Reached skill level 1 in Staves
  1241 | D:2      | Reached skill level 1 in Slings
  1241 | D:2      | Reached skill level 1 in Bows
  1241 | D:2      | Reached skill level 1 in Crossbows
  1241 | D:2      | Reached skill level 1 in Throwing
  1241 | D:2      | Reached skill level 1 in Armour
  1241 | D:2      | Reached skill level 1 in Shields
  1241 | D:2      | Reached skill level 1 in Unarmed Combat
  1241 | D:2      | Reached skill level 1 in Spellcasting
  1241 | D:2      | Reached skill level 1 in Evocations
  1336 | D:3      | Reached XP level 4. HP: 30/41 MP: 5/5
  1429 | D:3      | Noticed Sigmund
  1462 | D:3      | Reached skill level 1 in Conjurations
  1462 | D:3      | Reached skill level 1 in Hexes
  1462 | D:3      | Reached skill level 1 in Summonings
  1462 | D:3      | Reached skill level 1 in Necromancy
  1462 | D:3      | Reached skill level 1 in Translocations
  1462 | D:3      | Reached skill level 1 in Transmutations
  1462 | D:3      | Reached skill level 1 in Fire Magic
  1462 | D:3      | Reached skill level 1 in Ice Magic
  1462 | D:3      | Reached skill level 1 in Air Magic
  1462 | D:3      | Reached skill level 1 in Earth Magic
  1462 | D:3      | Reached skill level 1 in Poison Magic
  1627 | D:3      | Elyvilon protects you from harm!
  1650 | D:3      | Killed Sigmund
  1651 | D:3      | Reached XP level 5. HP: 8/47 MP: 4/7
  1651 | D:3      | Reached XP level 6. HP: 10/53 MP: 4/8
  2617 | D:3      | Noticed Jessica
  2621 | D:3      | Killed Jessica
  2768 | D:3      | Reached **** piety under Elyvilon
  2827 | D:3      | Elyvilon protects you from harm!
  3235 | D:3      | Found a blossoming altar of Fedhas.
  3333 | D:4      | Found an ornate altar of the Wu Jian Council.
  3370 | D:4      | Reached XP level 7. HP: 7/59 MP: 6/10
  3656 | D:4      | Found Vimocix's Magic Scroll Emporium.
  3807 | D:4      | Found a glowing drain.
  3814 | Sewer    | Entered a sewer
  3947 | Sewer    | Noticed Pargi
  3976 | Sewer    | HP: 3/60 [Pargi (8)]
  3976 | Sewer    | Slain by Pargi

Illustrated notes

Levels and vault maps discovered:
D:1:      grunt_arrival_crossed_arrows, layout_rooms, serial_shops, shop,
          shapermc_ecumenical_altar_pompeii
D:2:      layout_basic, basic_altar, minmay_tall_x
D:3:      layout_basic, lemuel_coloured_pillars_altar, uniq_jessica,
          uniq_sigmund
D:4:      layout_gridville, nzn_wu_jian_contemplation,
          minmay_temple_entry_arrows, gup_sewer_entry_bubbles,
          gammafunk_ghost_smash, serial_shops, shop, uniq_pikel
Sewer:    sewer_co_pargi_island

Skill      XL: |  1  2  3  4  5  6  7 |
---------------+----------------------+-----
Invocations    | 1 2 |  2.5
Short Blades   | 1 2 |  2.3
Long Blades    | 1 2 |  2.3
Maces & Flails | 1 2 |  2.3
Polearms       | 1 2 |  2.3
Staves         | 1 2 |  2.3
Slings         | 1 2 |  2.3
Bows           | 1 2 |  2.3
Crossbows      | 1 2 |  2.3
Throwing       | 1 2 |  2.3
Armour         | 1 2 |  2.3
Shields        | 1 2 |  2.3
Unarmed Combat | 1 2 |  2.3
Spellcasting   | 1 2 |  2.3
Evocations     | 1 2 |  2.3
Conjurations   | 1 |  1.9
Hexes          | 1 |  1.9
Summonings     | 1 |  1.9
Necromancy     | 1 |  1.9
Translocations | 1 |  1.9
Transmutations | 1 |  1.9
Fire Magic     | 1 |  1.9
Ice Magic      | 1 |  1.9
Air Magic      | 1 |  1.9
Earth Magic    | 1 |  1.9
Poison Magic   | 1 |  1.9
Fighting       | 7 |  7.0
Axes           | 7 |  7.0
Dodging        | 7 |  7.0
Stealth        | |  4.8

Action                   |  1- 3 |  4- 6 |  7- 9 || total
-------------------------+-------+-------+-------++-------
Melee: Hand axe          |    91 |   180 |    94 ||   365
       Bite              |     9 |    27 |     7 ||    43
       Punch             |     2 |     4 |     2 ||     8
Invok: Purification      |       |     4 |       ||     4
       Heal Self         |       |     2 |       ||     2
  Use: Potion            |     1 |     2 |       ||     3
 Stab: Sleeping          |     4 |     3 |     1 ||     8
Armor: Robe              |    12 |    14 |    12 ||    38
Dodge: Dodged            |    53 |   129 |    90 ||   272

Table legend: (Time is in decaauts)
 A = Elapsed time spent in this place.
 B = Non-inter-level travel time spent in this place.
 C = Inter-level travel time spent in this place.
 D = Time resting spent in this place.
 E = Time spent auto-exploring this place.
 F = Levels seen in this place.
 G = Mean time per level.
                   A        B        C        D        E       F      G
               +--------+--------+--------+--------+--------+-----+--------+
         Total |   3999 |   3887 |    112 |    245 |   2868 |   5 |  799.8 |
       Dungeon |   3816 |   3704 |    112 |    245 |   2777 |   4 |  954.0 |
         Sewer |    183 |    183 |      0 |      0 |     91 |   1 |  183.0 |
               +--------+--------+--------+--------+--------+-----+--------+

Top non-repeatable levels by time:
     D:3: 2004 daAuts
     D:2: 806 daAuts
     D:4: 505 daAuts
     D:1: 499 daAuts
   Sewer: 183 daAuts
